 Dungeon Sprint DCSS version 0.17.1-2-g5865329 (webtiles) character file.

312916 Origami the Conqueror (level 19, -10/207 HPs)
             Began as a Hill Orc Fighter on Feb 11, 2016.
             Was a High Priest of Trog.
             Killed from afar by an orb of fire (13 damage)
             ... with a fireball
             ... in the Dungeon (Sprint IX: "|||||||||||||||||||||||||||||").
             The game lasted 01:20:44 (9507 turns).

Origami the Conqueror (Hill Orc Fighter)            Turns: 9507, Time: 01:20:44

Health: -10/207    AC: 32    Str: 30    XL:     19   Next: 79%
Magic:  22/22      EV: 25    Int: 11    God:    Trog [*****.]
Gold:   1966       SH: 22    Dex: 14    Spells: 0 memorised, 18 levels left

rFire  + + +     SeeInvis +     v - +4 broad axe of Myjiyr {freeze, rC+ rN+ Str-4 Dex+4}
rCold  + + +     Rnd*Rage +     a - +5 storm dragon armour
rNeg   + + .     SustAt   .     P - +2 shield of Resistance {rF+ rC+ MR+}
rPois  +         Gourm    .     S - +0 helmet {Int+3}
rElec  +         Spirit   .     s - +0 cloak
rCorr  +         Warding  .     c - +1 pair of gloves {Str+3}
rMut   .         NoTele   +     I - +0 pair of boots
MR     ++++.                    K - amulet of resist corrosion
Stlth  ..........               L - ring "Malaotuwk" {rN+ MR+}
                                O - ring "Rieqekel" {rF+ MR+ Str+4 SInv}

@: exhausted, resistant (expiring), very slightly contaminated, invisible,
incredibly resistant to hostile enchantments, extremely unstealthy
A: berserk 1, blurry vision 1, deformed body, screaming 1
a: Berserk, Trog's Hand, Brothers in Arms, Burn Spellbooks, Renounce Religion
}: 5/15 runes: decaying, serpentine, barnacled, silver, gossamer


You were in the Dungeon.
You worshipped Trog.
Trog was extremely pleased with you.
You were not hungry.

You visited 1 branch You collected 1966 gold pieces.

Inventory:

Hand Weapons
 b - the +8 war axe "Fisyodilar" {venom, +Blink rElec}
   (Trog gifted it to you in the Dungeon)

   It poisons the flesh of those it strikes.
   It insulates you from electricity.
   It lets you blink.
 n - the +2 broad axe of Anger {holy, MR+}
   (Trog gifted it to you in the Dungeon)

   It has been blessed by the Shining One to cause great damage to the undead
   and demons.
   It affects your resistance to hostile enchantments.
 p - the +4 battleaxe "Naagre Tohie" {drain, rF- rN++}
   (Trog gifted it to you in the Dungeon)

   A truly terrible weapon, it drains the life of those it strikes.
   It makes you vulnerable to fire.
   It greatly protects you from negative energy.
 v - the +4 broad axe of Myjiyr (weapon) {freeze, rC+ rN+ Str-4 Dex+4}
   (Trog gifted it to you in the Dungeon)

   It has been specially enchanted to freeze those struck by it, causing extra
   injury to most foes and up to half again as much damage against particularly
   susceptible opponents.
   It can also slow down cold-blooded creatures.
   It affects your strength (-4).
   It affects your dexterity (+4).
   It protects you from cold.
   It protects you from negative energy.
 w - the +12 war axe of Skirmishing {speed, Str+4}
   (Trog gifted it to you in the Dungeon)

   Attacks with this weapon are significantly faster.
   It affects your strength (+4).
 B - a +7 antimagic eveningstar
 C - the +2 flail "Tysunle" {crush, +Blink rElec rPois Str+4 Dex-4}
   (Trog gifted it to you in the Dungeon)

   It inflicts extra damage upon your enemies.
   It affects your strength (+4).
   It affects your dexterity (-4).
   It insulates you from electricity.
   It protects you from poison.
   It lets you blink.
 D - the +4 mace of Xoil Yne {elec, *Noise rF++ Str+5}
   (Trog gifted it to you in the Dungeon)

   Occasionally, upon striking a foe, it will discharge some electrical energy
   and cause terrible harm.
   It affects your strength (+5).
   It greatly protects you from fire.
   It may make noises in combat.
 J - the +3 morningstar "Uxuosedo" {crush, Str+3}
   (Trog gifted it to you in the Dungeon)

   It inflicts extra damage upon your enemies.
   It affects your strength (+3).
 Q - the +8 Wrath of Trog {antimagic, *Rage}
   (You found it in the Dungeon)

   It disrupts the flow of magical energy around spellcasters and certain
   magical creatures (including the wielder).
   It may make you go berserk in combat.
 R - the +5 double sword of Outrage {pain, rF- rN+++ Str+3}
   (You found it in the Dungeon)

   In the hands of one skilled in necromantic magic, it inflicts extra damage on
   living creatures.
   It affects your strength (+3).
   It makes you vulnerable to fire.
   It renders you almost immune to negative energy.
 V - the +8 whip "Snakebite" {curare, rPois}
   (Trog gifted it to you in the Dungeon)

   It poisons the flesh of those it strikes.
   It protects you from poison.
Armour
 a - a +5 storm dragon armour (worn)
 c - a +1 pair of gloves of strength (worn)
 s - a +0 cloak (worn)
 F - a +1 plate armour of positive energy
 I - a +0 pair of boots (worn)
 P - the +2 shield of Resistance (worn) {rF+ rC+ MR+}
   (You found it in the Dungeon)

   It protects you from fire.
   It protects you from cold.
   It affects your resistance to hostile enchantments.
 S - a +0 helmet of intelligence (worn)
Jewellery
 o - the amulet of Activism {Ward rN+ Str+2}
   (You found it in the Dungeon)

   [amulet of warding]

   It may prevent the melee attacks of summoned creatures.
   It affects your strength (+2).
   It protects you from negative energy.
 K - an amulet of resist corrosion (around neck)
 L - the ring "Malaotuwk" (right hand) {rN+ MR+}
   (You found it in the Dungeon)

   [ring of protection from magic]

   It protects you from negative energy.
   It affects your resistance to hostile enchantments.
 M - the ring "Lut Naff" {Ice rPois rN+ MR- MP+9}
   (You found it in the Dungeon)

   [ring of ice]

   It enhances your ice magic, and weakens your fire magic.
   It makes you vulnerable to fire.
   It protects you from cold.
   It protects you from poison.
   It protects you from negative energy.
   It affects your resistance to hostile enchantments.
   It affects your magic capacity (+9).
 N - the ring "Okhapiss" {rElec rF+ SInv}
   (You found it in the Dungeon)

   [ring of protection from fire]

   It protects you from fire.
   It insulates you from electricity.
   It lets you see invisible.
 O - the ring "Rieqekel" (left hand) {rF+ MR+ Str+4 SInv}
   (You found it in the Dungeon)

   [ring of protection from fire]

   It affects your strength (+4).
   It protects you from fire.
   It affects your resistance to hostile enchantments.
   It lets you see invisible.
Scrolls
 k - 3 scrolls of blinking
 m - 4 scrolls of remove curse
 r - 4 scrolls of enchant weapon
 t - 2 scrolls of fear
 y - 3 scrolls of fog
 A - 6 scrolls of recharging
 U - a scroll of enchant armour
Potions
 d - 4 potions of might
 f - 8 potions of curing
 h - 4 potions of haste
 i - 4 potions of magic
 j - 3 potions of berserk rage
 u - a potion of lignification {unknown}
 x - 2 potions of cure mutation
 z - a potion of resistance
Miscellaneous
 X - a crystal ball of energy
Comestibles
 e - 6 bread rations
 g - a beef jerky
 E - a royal jelly
 G - 35 fruits
 H - 7 meat rations


   Skills:
 O Level 27 Fighting
 * Level 11.6 Long Blades
 O Level 27 Axes
 - Level 24.8(27) Maces & Flails
 O Level 27 Armour
 O Level 27 Dodging
 O Level 27 Shields
 - Level 4.3 Evocations


You had 18 spell levels left.
You didn't know any spells.

Dungeon Overview and Level Annotations

Branches:
Dungeon (1/1)

Altars:
Cheibriados
Dithmenos
Elyvilon
Fedhas
Gozag
Kikubaaqudgha
Makhleb
Nemelex Xobeh
Okawaru
Qazlal
Ru
Sif Muna
Trog
Vehumet
Xom
Yredelemnul
Zin
The Shining One
Beogh
Jiyva
Lugonu

Shops:
D [*:(


Innate Abilities, Weirdness & Mutations

You tend to lose your temper in combat.
Scrolls take you a little longer to read.
Armour fits poorly on your strangely shaped body.
You occasionally shout uncontrollably at your foes.


Message History

The orb of fire glows yellow.
The bolt of fire misses you.
The orb of fire glows bright magenta.
The bolt of fire hits the orb of fire.
The orb of fire completely resists.
The bolt of fire hits you! You resist.
* * * LOW HITPOINT WARNING * * *
You miss the orb of fire.
The orb of fire is heavily damaged.
Drink which item? (? for menu, Esc to quit)
Okay, then.
Wield which item (- for none, * to show all)? (? for menu, Esc to quit)
It glows with a cold blue light!
v - the +4 broad axe of Myjiyr (weapon)
{freeze, rC+ rN+ Str-4 Dex+4} Unknown command.
You slice the orb of fire!! You freeze the orb of fire.
The orb of fire is heavily damaged.
You start to feel less resistant.
The orb of fire emits a lurid red light.
The fireball explodes!
The fireball engulfs you! You resist.
You die...

▓▓▓▓▓▓▓▓▓▓▓▓▓▓▓▓▓▓▓▓▓
.*.*......)).**....§▓
▓▓▓▓▓▓▓▓▓▓▓▓▓▓▓▓▓▓▓§▓
................@**§▓
▓▓▓▓▓▓▓▓▓▓▓▓▓▓▓▓▓▓▓▓▓
))...†'...))))()'...▓
▓▓▓▓▓▓▓▓▓▓▓▓▓▓▓▓▓▓▓.▓
....................▓
▓▓▓▓▓▓▓▓▓▓▓▓▓▓▓▓▓▓▓▓▓
............'.......▓
▓▓▓▓▓▓▓▓▓▓▓▓▓▓▓▓▓▓▓.▓
....................▓


You could see 2 orbs of fire.

Vanquished Creatures
  An ancient lich (D)
  An orb of fire (D)
  Mara (D)
  Mennas (D)
  Boris (D)
  Frederick (D)
  Norris (D)
  Nikola (D)
  2 golden dragons (D)
  Jory (D)
  Xtahua (D)
  A lich (D)
  2 electric golems (D)
  15 Orb Guardians (D)
  3 tentacled monstrosities (D)
  A quicksilver dragon (D)
  A death cob (D)
  2 storm dragons (D)
  7 shadow dragons (D)
  6 greater nagas (D)
  A draconian monk (D)
  Ilsuiw (D)
  A fire giant (D)
  2 frost giants (D)
  An orc warlord (D)
  3 ghost moths (D)
  3 draconian knights (D)
  2 draconian shifters (D)
  Louise (D)
  An iron dragon (D)
  A vault warden (D)
  A draconian zealot (D)
  An emperor scorpion (D)
  3 draconian annihilators (D)
  2 ironheart preservers (D)
  A stone giant (D)
  A draconian caller (D)
  Nessos (D)
  2 black draconians (D)
  A green draconian (D)
  4 white draconians (D)
  3 ettins (D)
  3 mottled draconians (D)
  2 red draconians (D)
  6 fire dragons (D)
  3 merfolk impalers (D)
  5 merfolk javelineers (D)
  2 yaktaur captains (D)
  25 vault guards (D)
  5 ice dragons (D)
  3 great orbs of eyes (D)
  2 entropy weavers (D)
  A rakshasa (D)
  4 hydras (D)
  2 naga warriors (D)
  2 anacondas (D)
  3 centaur warriors (D)
  2 merfolk avatars (D)
  An alligator snapping turtle (D)
  3 merfolk aquamancers (D)
  2 ogre magi (D)
  An alligator (D)
  A deep troll earth mage (D)
  A tengu warrior (D)
  A shock serpent (D)
  Urug (D)
  3 hell knights (D)
  2 fire crabs (D)
  A sea snake (D)
  A spriggan druid (D)
  A shambling mangrove (D)
  9 swamp dragons (D)
  3 ironbrand convokers (D)
  16 orc knights (D)
  A flayed ghost (D)
  A hill giant (D)
  4 griffons (D)
  A phantasmal warrior (D)
  2 necromancers (D)
  5 wolf spiders (D)
  An orb spider (shapeshifter) (D)
  An ugly thing (D)
  A harpy (D)
  9 moths of wrath (D)
  2 cyclopes (D)
  3 black mambas (D)
  2 manticores (D)
  A vault sentinel (D)
  3 guardian serpents (D)
  An elephant (D)
  A kobold demonologist (D)
  2 spiny frogs (D)
  A torpor snail (D)
  2 naga magi (D)
  6 yaktaurs (D)
  A komodo dragon (D)
  A freezing wraith (D)
  A troll (D)
  A demonic crawler (D)
  2 jumping spiders (D)
  2 merfolk (D)
  A bog body (D)
  A slime creature (D)
  A boulder beetle (D)
  A redback (D)
  2 snapping turtles (D)
  2 trapdoor spiders (D)
  A deep elf mage (D)
  A shadow (D)
  3 yaks (D)
  4 wolves (D)
  6 hippogriffs (D)
  2 vampire mosquitoes (D)
  A mottled dragon (D)
  3 nagas (D)
  2 wargs (D)
  2 insubstantial wisps (D)
  2 hell hounds (D)
  A spider (D)
  2 ice beasts (D)
  2 water moccasins (D)
  14 orc warriors (D)
  A crocodile (D)
  A big kobold (D)
  2 giant frogs (D)
  A scorpion (D)
  2 crimson imps (D)
  An iguana (D)
  A gnoll shaman (D)
  A jelly (D)
  3 orc priests (D)
  4 orc wizards (D)
  A hound (D)
  2 worker ants (D)
  A sheep (D)
  3 river rats (D)
  An adder zombie (D)
  An adder skeleton (D)
  4 orcs (D)
  2 hobgoblins (D)
  A kobold (D)
  A ball python skeleton (D)
  A giant gecko skeleton (D)
  A giant newt (D)
  A goblin (D)
353 creatures vanquished.

Vanquished Creatures (collateral kills)
  A golden dragon (D)
  2 tentacled monstrosities (D)
  An ironheart preserver (D)
  4 stone giants (D)
  An ettin (D)
  A yaktaur captain (D)
  A rakshasa (D)
  A great orb of eyes (D)
  A deep troll earth mage (D)
  A flayed ghost (D)
  A moth of wrath (D)
  A yaktaur (D)
  A boulder beetle (D)
17 creatures vanquished.

Vanquished Creatures (others)
  Margery (D)
  A draconian caller (D)
  A spatial maelstrom (D)
  A necromancer (D)
  A ball python zombie (D)
5 creatures vanquished.

Grand Total: 375 creatures vanquished

Notes
Turn   | Place    | Note
--------------------------------------------------------------
     0 | D        | Origami the Hill Orc Fighter began the quest for the Orb.
     0 | D        | Reached XP level 1. HP: 19/19 MP: 1/1
     0 | D        | Banished a spatial maelstrom
    10 | D        | Reached skill level 4 in Fighting
   200 | D        | Noticed a gnoll shaman
   200 | D        | Noticed a scorpion
   200 | D        | Noticed a worker ant
   206 | D        | Reached XP level 2. HP: 21/28 MP: 2/2
   208 | D        | Killed a worker ant
   208 | D        | Reached skill level 5 in Fighting
   208 | D        | Reached XP level 3. HP: 17/37 MP: 3/3
   215 | D        | Killed a scorpion
   215 | D        | Reached skill level 7 in Fighting
   215 | D        | Reached skill level 5 in Armour
   215 | D        | Reached skill level 1 in Dodging
   215 | D        | Reached skill level 5 in Shields
   215 | D        | Reached XP level 4. HP: 10/47 MP: 4/4
   222 | D        | Killed a gnoll shaman
   222 | D        | HP: 2/48 [poisoned by a worker ant]
   230 | D        | HP: 1/48 [poisoned by a worker ant]
   524 | D        | Found a glowing silver altar of Zin.
   524 | D        | Found a glowing golden altar of the Shining One.
   524 | D        | Found an ancient bone altar of Kikubaaqudgha.
   524 | D        | Found a basalt altar of Yredelemnul.
   524 | D        | Found a shimmering altar of Xom.
   524 | D        | Found a radiant altar of Vehumet.
   525 | D        | Found an iron altar of Okawaru.
   526 | D        | Found a burning altar of Makhleb.
   527 | D        | Found a deep blue altar of Sif Muna.
   528 | D        | Found a bloodstained altar of Trog.
   529 | D        | Found a sparkling altar of Nemelex Xobeh.
   530 | D        | Found a white marble altar of Elyvilon.
   531 | D        | Found a roughly hewn altar of Beogh.
   532 | D        | Found a viscous altar of Jiyva.
   533 | D        | Found a corrupted altar of Lugonu.
   534 | D        | Found a blossoming altar of Fedhas.
   535 | D        | Found a snail-covered altar of Cheibriados.
   536 | D        | Became a worshipper of Trog the Wrathful
   537 | D        | Found a shadowy altar of Dithmenos.
   538 | D        | Found a stormy altar of Qazlal.
   539 | D        | Found an opulent altar of Gozag.
   540 | D        | Found a sacrificial altar of Ru.
   592 | D        | Noticed a hound
   592 | D        | Noticed a worker ant
   592 | D        | Noticed an ice beast
   592 | D        | Noticed a hippogriff
   592 | D        | Noticed a crimson imp
   592 | D        | Noticed a hippogriff
   597 | D        | Killed a hippogriff
   597 | D        | Reached skill level 9 in Fighting
   597 | D        | Reached XP level 5. HP: 46/57 MP: 5/5
   597 | D        | Reached XP level 6. HP: 51/64 MP: 6/6
   603 | D        | Killed a hippogriff
   603 | D        | Reached * piety under Trog
   603 | D        | Reached skill level 10 in Fighting
   606 | D        | Killed an ice beast
   606 | D        | Reached XP level 7. HP: 46/73 MP: 7/7
   607 | D        | Killed a worker ant
   613 | D        | Killed a hound
   613 | D        | Reached ** piety under Trog
   613 | D        | Reached skill level 11 in Fighting
   618 | D        | Killed a crimson imp
   633 | D        | Noticed a jelly
   633 | D        | Noticed a crimson imp
   633 | D        | Noticed a big kobold
   633 | D        | Noticed an iguana
   633 | D        | Noticed a giant frog
   633 | D        | Noticed a trapdoor spider
   636 | D        | Killed a giant frog
   638 | D        | Killed an iguana
   640 | D        | Killed a big kobold
   640 | D        | Reached *** piety under Trog
   642 | D        | Killed a jelly
   643 | D        | Killed a crimson imp
   657 | D        | Killed a trapdoor spider
   657 | D        | Reached **** piety under Trog
   657 | D        | Reached skill level 12 in Fighting
   657 | D        | Reached XP level 8. HP: 32/83 MP: 8/8
   986 | D        | Noticed a spiny frog
   986 | D        | Noticed a hippogriff
   986 | D        | Noticed a yak
   986 | D        | Noticed a giant frog
   990 | D        | Noticed a crocodile
   990 | D        | Killed a giant frog
   993 | D        | Noticed a water moccasin
   997 | D        | Killed a yak
   997 | D        | Reached ***** piety under Trog
   997 | D        | Reached skill level 10 in Maces & Flails
  1000 | D        | Killed a hippogriff
  1005 | D        | Killed a spiny frog
  1005 | D        | Received a gift from Trog
  1005 | D        | Reached skill level 13 in Fighting
  1005 | D        | Reached skill level 5 in Dodging
  1010 | D        | Killed a crocodile
  1010 | D        | Reached XP level 9. HP: 56/93 MP: 9/9
  1012 | D        | Killed a water moccasin
  1012 | D        | Received a gift from Trog
  1208 | D        | Noticed an elephant
  1208 | D        | Noticed a hippogriff
  1208 | D        | Noticed a yak
  1208 | D        | Noticed a water moccasin
  1208 | D        | Noticed a yak
  1212 | D        | Noticed a spiny frog
  1218 | D        | Killed a yak
  1222 | D        | Killed a water moccasin
  1224 | D        | Noticed a hippogriff
  1226 | D        | Killed a yak
  1226 | D        | Reached skill level 10 in Armour
  1229 | D        | Killed a hippogriff
  1230 | D        | Noticed a komodo dragon
  1238 | D        | Killed an elephant
  1238 | D        | Reached skill level 14 in Fighting
  1247 | D        | Received a gift from Trog
  1251 | D        | Killed a spiny frog
  1253 | D        | Killed a hippogriff
  1260 | D        | Killed a komodo dragon
  1478 | D        | Noticed a wolf
  1478 | D        | Noticed a hell hound
  1478 | D        | Noticed a wolf
  1479 | D        | Noticed a hell hound
  1482 | D        | Noticed a warg
  1483 | D        | Killed a hell hound
  1483 | D        | Reached XP level 10. HP: 99/104 MP: 10/10
  1485 | D        | Noticed a wolf
  1486 | D        | Noticed a wolf
  1488 | D        | Noticed a warg
  1490 | D        | Killed a hell hound
  1491 | D        | Killed a warg
  1491 | D        | Reached skill level 10 in Shields
  1492 | D        | Killed a wolf
  1492 | D        | Reached ****** piety under Trog
  1497 | D        | Killed a warg
  1497 | D        | Reached skill level 1 in Axes
  1499 | D        | Killed a wolf
  1501 | D        | Killed a wolf
  1501 | D        | Received a gift from Trog
  1502 | D        | Killed a wolf
  1502 | D        | Reached skill level 15 in Fighting
  1658 | D        | Noticed an orc priest
  1658 | D        | Noticed an orc knight
  1658 | D        | Noticed an orc wizard
  1658 | D        | Noticed an orc wizard
  1658 | D        | Noticed an orc wizard
  1660 | D        | Killed an orc wizard
  1661 | D        | Noticed an orc priest
  1663 | D        | Killed an orc wizard
  1665 | D        | Noticed an orc warrior
  1667 | D        | Noticed an orc warrior
  1673 | D        | Noticed an orc priest
  1675 | D        | Killed an orc knight
  1678 | D        | Killed an orc warrior
  1678 | D        | Received a gift from Trog
  1680 | D        | Killed an orc wizard
  1683 | D        | Noticed an orc wizard
  1683 | D        | Killed an orc priest
  1685 | D        | Killed an orc priest
  1695 | D        | Killed an orc warrior
  1698 | D        | Killed an orc priest
  1699 | D        | Killed an orc wizard
  1699 | D        | Received a gift from Trog
  1722 | D        | Got a bloodstained dire flail {god gift}
  1740 | D        | Identified the +1 dire flail of Qari {speed, rElec Dex+2} (Trog gifted it to you in the Dungeon)
  1865 | D        | Noticed an orc warrior
  1865 | D        | Noticed an orc warrior
  1865 | D        | Noticed an orc warrior
  1865 | D        | Noticed an orc warrior
  1865 | D        | Noticed an orc warrior
  1865 | D        | Noticed an orc knight
  1873 | D        | Killed an orc knight
  1874 | D        | Noticed an orc warrior
  1875 | D        | Killed an orc warrior
  1875 | D        | Reached skill level 15 in Maces & Flails
  1877 | D        | Noticed an orc knight
  1879 | D        | Killed an orc warrior
  1886 | D        | Killed an orc warrior
  1887 | D        | Noticed an orc warrior
  1888 | D        | Killed an orc warrior
  1888 | D        | Received a gift from Trog
  1889 | D        | Noticed an orc knight
  1892 | D        | Killed an orc warrior
  1893 | D        | Noticed an orc warrior
  1899 | D        | Killed an orc warrior
  1947 | D        | Killed an orc knight
  1947 | D        | Reached skill level 16 in Fighting
  1956 | D        | Killed an orc knight
  1956 | D        | Reached XP level 11. HP: 63/114 MP: 11/11
  1961 | D        | Killed an orc warrior
  1965 | D        | Killed an orc warrior
  1968 | D        | Received a gift from Trog
  1969 | D        | Got a transparent great mace {god gift}
  2218 | D        | Identified the +8 great mace "Lausenes" {elec, MR- Int+4 Stlth+} (Trog gifted it to you in the Dungeon)
  2226 | D        | Found Rothruism's Antique Weapon Boutique.
  2226 | D        | Noticed an orc knight
  2226 | D        | Noticed an orc warrior
  2226 | D        | Noticed an orc knight
  2226 | D        | Noticed an orc warrior
  2226 | D        | Noticed an orc warrior
  2229 | D        | Noticed an orc knight
  2233 | D        | Killed an orc warrior
  2241 | D        | Killed an orc knight
  2250 | D        | Noticed an orc warrior
  2250 | D        | Killed an orc knight
  2263 | D        | Killed an orc knight
  2263 | D        | Reached skill level 17 in Fighting
  2268 | D        | Killed an orc warrior
  2268 | D        | Received a gift from Trog
  2269 | D        | Found Xepolyuf's Book Shop.
  2275 | D        | Killed an orc warrior
  2279 | D        | Killed an orc warrior
  2280 | D        | Found Mihido Nipp's Assorted Antiques.
  2282 | D        | Noticed an orc knight
  2283 | D        | Found Guluhusm's Antique Armour Shop.
  2284 | D        | Noticed an orc knight
  2284 | D        | Noticed an orc knight
  2303 | D        | Killed an orc knight
  2324 | D        | Killed an orc knight
  2333 | D        | Killed an orc knight
  2333 | D        | Received a gift from Trog
  2341 | D        | Noticed an orc knight
  2357 | D        | Killed an orc knight
  2357 | D        | Reached skill level 18 in Fighting
  2392 | D        | Noticed an orc knight
  2393 | D        | Noticed an orc knight
  2412 | D        | Killed an orc knight
  2430 | D        | Killed an orc knight
  2598 | D        | Noticed Urug
  2611 | D        | Killed Urug
  2775 | D        | Noticed a shadow
  2775 | D        | Noticed a purple ugly thing
  2775 | D        | Noticed a hippogriff
  2775 | D        | Noticed a yaktaur
  2775 | D        | Noticed an ice beast
  2775 | D        | Noticed a tengu warrior
  2776 | D        | Noticed a hill giant
  2788 | D        | Killed a tengu warrior
  2789 | D        | Noticed a manticore
  2792 | D        | Killed an ice beast
  2792 | D        | Received a gift from Trog
  2793 | D        | Noticed a lich
  2795 | D        | Killed a yaktaur
  2795 | D        | Reached XP level 12. HP: 128/128 MP: 4/12
  2798 | D        | Killed a hippogriff
  2800 | D        | Noticed a yaktaur
  2804 | D        | Noticed a great orb of eyes
  2814 | D        | Killed a lich
  2814 | D        | Reached skill level 19 in Fighting
  2819 | D        | Noticed a deep troll earth mage
  2821 | D        | Killed a purple ugly thing
  2824 | D        | Killed a shadow
  2826 | D        | Noticed a yaktaur
  2828 | D        | Killed a hill giant
  2828 | D        | Received a gift from Trog
  2830 | D        | Killed a manticore
  2835 | D        | Killed a yaktaur
  2842 | D        | Killed a great orb of eyes
  2842 | D        | Reached skill level 20 in Maces & Flails
  2848 | D        | Killed a deep troll earth mage
  2852 | D        | Killed a yaktaur
  2852 | D        | Received a gift from Trog
  2875 | D        | Noticed a necromancer
  2876 | D        | Noticed a fire dragon
  2882 | D        | Killed a necromancer
  2895 | D        | Killed a fire dragon
  3122 | D        | Noticed a wolf spider
  3122 | D        | Noticed a spider
  3122 | D        | Noticed a torpor snail
  3122 | D        | Noticed a wolf spider
  3122 | D        | Noticed a boulder beetle
  3129 | D        | Noticed an entropy weaver
  3133 | D        | Killed a boulder beetle
  3138 | D        | Noticed a wolf spider
  3140 | D        | Killed a wolf spider
  3144 | D        | Killed a torpor snail
  3144 | D        | Received a gift from Trog
  3146 | D        | Noticed a trapdoor spider
  3161 | D        | Killed a spider
  3163 | D        | Killed a wolf spider
  3163 | D        | Received a gift from Trog
  3171 | D        | Killed an entropy weaver
  3171 | D        | Reached skill level 21 in Maces & Flails
  3173 | D        | Noticed a redback
  3175 | D        | Killed a wolf spider
  3180 | D        | Killed a redback
  3180 | D        | Reached XP level 13. HP: 131/140 MP: 4/13
  3199 | D        | Killed a trapdoor spider
  3209 | D        | Noticed an insubstantial wisp
  3209 | D        | Noticed a shambling mangrove
  3209 | D        | Noticed a swamp dragon
  3209 | D        | Noticed a bog body
  3209 | D        | Noticed a spriggan druid
  3209 | D        | Noticed a vampire mosquito
  3210 | D        | Killed a vampire mosquito
  3211 | D        | Noticed an alligator
  3214 | D        | Noticed a slime creature
  3217 | D        | Killed a spriggan druid
  3223 | D        | Noticed a vampire mosquito
  3224 | D        | Killed a bog body
  3230 | D        | Killed a swamp dragon
  3230 | D        | Received a gift from Trog
  3239 | D        | Killed a shambling mangrove
  3242 | D        | Killed an alligator
  3247 | D        | Killed a slime creature
  3250 | D        | Killed a vampire mosquito
  3255 | D        | Killed an insubstantial wisp
  3375 | D        | Noticed an alligator snapping turtle
  3375 | D        | Noticed a merfolk impaler
  3375 | D        | Noticed a snapping turtle
  3375 | D        | Noticed a sea snake
  3375 | D        | Noticed a merfolk aquamancer
  3375 | D        | Noticed a snapping turtle
  3376 | D        | Noticed a merfolk
  3385 | D        | Killed a snapping turtle
  3389 | D        | Noticed a manticore
  3391 | D        | Killed a merfolk aquamancer
  3391 | D        | Received a gift from Trog
  3397 | D        | Killed a sea snake
  3397 | D        | Reached skill level 22 in Maces & Flails
  3401 | D        | Noticed a harpy
  3406 | D        | Killed a snapping turtle
  3422 | D        | Killed a merfolk impaler
  3547 | D        | Killed a merfolk
  3547 | D        | Received a gift from Trog
  3562 | D        | Killed a manticore
  3588 | D        | Killed an alligator snapping turtle
  3590 | D        | Killed a harpy
  3743 | D        | Noticed a black mamba
  3743 | D        | Noticed an anaconda
  3743 | D        | Noticed a guardian serpent
  3743 | D        | Noticed a naga
  3743 | D        | Noticed a naga mage
  3743 | D        | Noticed a black mamba
  3745 | D        | Noticed an anaconda
  3745 | D        | Killed a black mamba
  3748 | D        | Noticed a shock serpent
  3750 | D        | Noticed a black mamba
  3752 | D        | Killed an anaconda
  3753 | D        | Killed a naga mage
  3753 | D        | Received a gift from Trog
  3756 | D        | Killed a naga
  3760 | D        | Killed a guardian serpent
  3761 | D        | Killed an anaconda
  3763 | D        | Killed a shock serpent
  3765 | D        | Killed a black mamba
  3765 | D        | Received a gift from Trog
  3765 | D        | Reached skill level 23 in Maces & Flails
  3768 | D        | Killed a black mamba
  3986 | D        | Noticed Nessos
  4010 | D        | Killed Nessos
  4017 | D        | Noticed a yaktaur captain
  4017 | D        | Noticed a rakshasa
  4017 | D        | Noticed a stone giant
  4017 | D        | Noticed a centaur warrior
  4017 | D        | Noticed a stone giant
  4017 | D        | Noticed a frost giant
  4019 | D        | Noticed an ettin
  4028 | D        | Killed a frost giant
  4029 | D        | Noticed an ice dragon
  4037 | D        | Noticed an iron dragon
  4037 | D        | Killed a rakshasa
  4037 | D        | Received a gift from Trog
  4045 | D        | Killed a stone giant
  4051 | D        | Killed a stone giant
  4054 | D        | Noticed a deep troll earth mage
  4057 | D        | Noticed a stone giant
  4060 | D        | Killed a centaur warrior
  4066 | D        | Killed a yaktaur captain
  4066 | D        | Reached XP level 14. HP: 91/154 MP: 4/14
  4075 | D        | Killed an iron dragon
  4075 | D        | Reached skill level 24 in Maces & Flails
  4076 | D        | Noticed a stone giant
  4078 | D        | Killed an ettin
  4078 | D        | Received a gift from Trog
  4086 | D        | Noticed a rakshasa
  4089 | D        | Killed an ice dragon
  4089 | D        | Killed a deep troll earth mage
  4090 | D        | Killed a stone giant
  4093 | D        | Killed a stone giant
  4361 | D        | Killed a rakshasa
  4361 | D        | Received a gift from Trog
  4372 | D        | Noticed a yaktaur
  4383 | D        | Killed a yaktaur
  4383 | D        | Received a gift from Trog
  4392 | D        | Noticed an ogre mage
  4393 | D        | Noticed a fire giant
  4394 | D        | Noticed an ettin
  4404 | D        | Killed a fire giant
  4408 | D        | Killed an ogre mage
  4408 | D        | Received a gift from Trog
  4412 | D        | Killed an ettin
  4414 | D        | Got an ivory war axe {god gift}
  4464 | D        | Identified the +12 war axe of Skirmishing {speed, Str+4} (Trog gifted it to you in the Dungeon)
  4538 | D        | Noticed a kobold demonologist
  4538 | D        | Noticed a cyclops
  4538 | D        | Noticed a griffon
  4538 | D        | Noticed a griffon
  4538 | D        | Noticed a flayed ghost
  4538 | D        | Noticed an ironheart preserver
  4548 | D        | Noticed a centaur warrior
  4548 | D        | Killed an ironheart preserver
  4548 | D        | Reached skill level 15 in Shields
  4551 | D        | Killed a flayed ghost
  4551 | D        | Reached skill level 5 in Axes
  4552 | D        | Noticed a griffon
  4555 | D        | Killed a griffon
  4556 | D        | Noticed an orc knight
  4559 | D        | Killed a griffon
  4560 | D        | Noticed a great orb of eyes
  4562 | D        | Killed a cyclops
  4567 | D        | Noticed a cyclops
  4569 | D        | Killed a kobold demonologist
  4569 | D        | Received a gift from Trog
  4571 | D        | Noticed a stone giant
  4573 | D        | Killed a centaur warrior
  4578 | D        | Killed a griffon
  4581 | D        | Noticed a fire crab
  4600 | D        | Killed an orc knight
  4607 | D        | Killed a great orb of eyes
  4617 | D        | Killed a stone giant
  4622 | D        | Killed a cyclops
  4627 | D        | Killed a fire crab
  4786 | D        | Noticed a flayed ghost
  4787 | D        | Noticed a yaktaur captain
  4788 | D        | Noticed an ettin
  4789 | D        | Noticed a great orb of eyes
  4793 | D        | Noticed an ironheart preserver
  4794 | D        | Killed a flayed ghost
  4796 | D        | Noticed a boulder beetle
  4798 | D        | Noticed a yaktaur
  4798 | D        | Killed a yaktaur captain
  4800 | D        | Killed an ettin
  4800 | D        | Received a gift from Trog
  4801 | D        | Noticed a fire crab
  4802 | D        | Killed a great orb of eyes
  4802 | D        | Reached skill level 10 in Axes
  4805 | D        | Killed an ironheart preserver
  4806 | D        | Killed a boulder beetle
  4808 | D        | Killed a yaktaur
  4816 | D        | Killed a fire crab
  4816 | D        | Received a gift from Trog
  5145 | D        | Noticed a greater naga
  5145 | D        | Noticed a greater naga
  5145 | D        | Noticed a naga
  5145 | D        | Noticed a guardian serpent
  5145 | D        | Noticed a greater naga
  5145 | D        | Noticed a guardian serpent
  5153 | D        | Killed a greater naga
  5155 | D        | Killed a greater naga
  5155 | D        | Killed a guardian serpent
  5155 | D        | Received a gift from Trog
  5156 | D        | Noticed a greater naga
  5158 | D        | Killed a guardian serpent
  5159 | D        | Noticed a greater naga
  5166 | D        | Killed a greater naga
  5167 | D        | Noticed a naga warrior
  5168 | D        | Noticed a greater naga
  5170 | D        | Killed a naga
  5175 | D        | Killed a greater naga
  5175 | D        | Reached XP level 15. HP: 168/168 MP: 15/15
  5180 | D        | Killed a greater naga
  5180 | D        | Received a gift from Trog
  5180 | D        | Reached skill level 25 in Fighting
  5181 | D        | Noticed a naga warrior
  5184 | D        | Noticed a naga
  5185 | D        | Killed a naga warrior
  5186 | D        | Noticed a naga mage
  5189 | D        | Killed a greater naga
  5197 | D        | Killed a naga warrior
  5197 | D        | Received a gift from Trog
  5197 | D        | Reached skill level 15 in Axes
  5201 | D        | Killed a naga
  5205 | D        | Killed a naga mage
  5210 | D        | Got a serpentine rune of Zot
  5258 | D        | Noticed a merfolk javelineer
  5258 | D        | Noticed a merfolk javelineer
  5258 | D        | Noticed a merfolk aquamancer
  5258 | D        | Noticed a merfolk impaler
  5258 | D        | Noticed a merfolk
  5258 | D        | Noticed a merfolk javelineer
  5259 | D        | Noticed Ilsuiw
  5264 | D        | Noticed a merfolk aquamancer
  5269 | D        | Killed a merfolk aquamancer
  5269 | D        | Received a gift from Trog
  5273 | D        | Killed a merfolk javelineer
  5274 | D        | Noticed a merfolk avatar
  5287 | D        | Killed Ilsuiw
  5288 | D        | Noticed a merfolk javelineer
  5294 | D        | Killed a merfolk impaler
  5297 | D        | Killed a merfolk aquamancer
  5297 | D        | Received a gift from Trog
  5297 | D        | Received a gift from Trog
  5298 | D        | Noticed a merfolk javelineer
  5300 | D        | Noticed a merfolk avatar
  5312 | D        | Killed a merfolk javelineer
  5343 | D        | Killed a merfolk javelineer
  5348 | D        | Killed a merfolk javelineer
  5358 | D        | Killed a merfolk avatar
  5358 | D        | Received a gift from Trog
  5358 | D        | Reached skill level 26 in Fighting
  5360 | D        | Killed a merfolk javelineer
  5369 | D        | Killed a merfolk avatar
  5373 | D        | Killed a merfolk
  5443 | D        | Noticed a merfolk impaler
  5449 | D        | Killed a merfolk impaler
  5477 | D        | Got a barnacled rune of Zot
  5522 | D        | Noticed a wolf spider
  5522 | D        | Noticed a moth of wrath
  5522 | D        | Noticed a moth of wrath
  5522 | D        | Noticed a wolf spider
  5522 | D        | Noticed a jumping spider
  5526 | D        | Killed a jumping spider
  5526 | D        | Received a gift from Trog
  5527 | D        | Noticed a moth of wrath
  5530 | D        | Killed a wolf spider
  5535 | D        | Killed a ghost moth
  5537 | D        | Killed a moth of wrath
  5540 | D        | Killed a moth of wrath
  5546 | D        | Killed a wolf spider
  5548 | D        | Killed a moth of wrath
  5549 | D        | Noticed a moth of wrath
  5559 | D        | Killed a moth of wrath
  5560 | D        | Noticed an emperor scorpion
  5565 | D        | Killed a ghost moth
  5566 | D        | Noticed a jumping spider
  5567 | D        | Noticed a moth of wrath
  5568 | D        | Noticed a demonic crawler
  5587 | D        | Killed an emperor scorpion
  5595 | D        | Killed a jumping spider
  5598 | D        | Killed a moth of wrath
  5599 | D        | Killed a demonic crawler
  5599 | D        | Received a gift from Trog
  5602 | D        | Got a gossamer rune of Zot
  5690 | D        | Noticed a swamp dragon
  5690 | D        | Noticed a five-headed hydra
  5690 | D        | Noticed a seven-headed hydra
  5690 | D        | Noticed a four-headed hydra
  5690 | D        | Noticed an eight-headed hydra
  5690 | D        | Noticed a swamp dragon
  5693 | D        | Killed a swamp dragon
  5695 | D        | Killed a ten-headed hydra
  5696 | D        | Noticed an insubstantial wisp
  5697 | D        | Noticed a swamp dragon
  5701 | D        | Noticed a swamp dragon
  5704 | D        | Killed an 11-headed hydra
  5707 | D        | Killed a ten-headed hydra
  5712 | D        | Killed a nine-headed hydra
  5713 | D        | Noticed a swamp dragon
  5716 | D        | Noticed a swamp dragon
  5717 | D        | Killed a swamp dragon
  5719 | D        | Noticed a swamp dragon
  5720 | D        | Killed an insubstantial wisp
  5721 | D        | Noticed a swamp dragon
  5726 | D        | Killed a swamp dragon
  5726 | D        | Reached skill level 27 in Fighting
  5726 | D        | Reached skill level 15 in Armour
  5733 | D        | Killed a swamp dragon
  5740 | D        | Killed a swamp dragon
  5740 | D        | Received a gift from Trog
  5740 | D        | Reached skill level 10 in Dodging
  5743 | D        | Killed a swamp dragon
  5749 | D        | Killed a swamp dragon
  5757 | D        | Killed a swamp dragon
  6050 | D        | Got a decaying rune of Zot
  6142 | D        | Noticed a vault guard
  6142 | D        | Noticed a vault guard
  6142 | D        | Noticed a vault guard
  6142 | D        | Noticed a vault guard
  6142 | D        | Noticed a vault guard
  6142 | D        | Noticed a vault guard
  6148 | D        | Noticed a vault guard
  6148 | D        | Killed a vault guard
  6150 | D        | Noticed a vault guard
  6153 | D        | Killed a vault guard
  6153 | D        | Reached XP level 16. HP: 183/183 MP: 16/16
  6159 | D        | Killed a vault guard
  6162 | D        | Noticed a vault guard
  6163 | D        | Killed a vault guard
  6163 | D        | Received a gift from Trog
  6167 | D        | Noticed a vault guard
  6168 | D        | Killed a vault guard
  6170 | D        | Noticed a vault guard
  6174 | D        | Killed a vault guard
  6176 | D        | Noticed a vault guard
  6180 | D        | Killed a vault guard
  6190 | D        | Killed a vault guard
  6198 | D        | Killed a vault guard
  6206 | D        | Killed a vault guard
  6206 | D        | Received a gift from Trog
  6210 | D        | Killed a vault guard
  6211 | D        | Noticed a vault guard
  6214 | D        | Noticed a vault guard
  6215 | D        | Killed a vault guard
  6216 | D        | Noticed a vault guard
  6217 | D        | Noticed a vault guard
  6219 | D        | Noticed a vault guard
  6222 | D        | Killed a vault guard
  6224 | D        | Noticed a vault guard
  6227 | D        | Noticed a vault guard
  6228 | D        | Killed a vault guard
  6233 | D        | Killed a vault guard
  6233 | D        | Received a gift from Trog
  6240 | D        | Killed a vault guard
  6246 | D        | Killed a vault guard
  6251 | D        | Killed a vault guard
  6257 | D        | Killed a vault guard
  6268 | D        | Got a twisted war axe {god gift}
  6269 | D        | Identified the +8 war axe "Fisyodilar" {venom, +Blink rElec} (Trog gifted it to you in the Dungeon)
  6287 | D        | Noticed a vault guard
  6288 | D        | Noticed a vault guard
  6289 | D        | Noticed a vault guard
  6290 | D        | Noticed a vault guard
  6290 | D        | Noticed a vault guard
  6292 | D        | Noticed a vault guard
  6301 | D        | Killed a vault guard
  6309 | D        | Killed a vault guard
  6309 | D        | Received a gift from Trog
  6313 | D        | Killed a vault guard
  6317 | D        | Killed a vault guard
  6320 | D        | Killed a vault guard
  6329 | D        | Killed a vault guard
  6343 | D        | Noticed a freezing wraith
  6343 | D        | Noticed a vault warden
  6343 | D        | Noticed an ettin
  6343 | D        | Noticed an ironbrand convoker
  6343 | D        | Noticed a vault sentinel
  6343 | D        | Noticed an orc warlord
  6344 | D        | Noticed a phantasmal warrior
  6351 | D        | Killed a phantasmal warrior
  6357 | D        | Noticed a yaktaur
  6360 | D        | Killed an orc warlord
  6360 | D        | Received a gift from Trog
  6361 | D        | Noticed an ironbrand convoker
  6370 | D        | Killed an ironbrand convoker
  6372 | D        | Noticed an ironbrand convoker
  6373 | D        | Killed a vault sentinel
  6375 | D        | Noticed a shadow dragon
  6380 | D        | Noticed a necromancer
  6384 | D        | Killed an ettin
  6388 | D        | Killed a vault warden
  6388 | D        | Received a gift from Trog
  6392 | D        | Killed a freezing wraith
  6392 | D        | Reached skill level 27 in Axes
  6393 | D        | Noticed a great orb of eyes
  6394 | D        | Noticed a shadow dragon
  6402 | D        | Killed a shadow dragon
  6403 | D        | Noticed an entropy weaver
  6405 | D        | Killed a yaktaur
  6406 | D        | Noticed an ogre mage
  6411 | D        | Killed an ironbrand convoker
  6412 | D        | Killed a necromancer
  6416 | D        | Killed an ironbrand convoker
  6416 | D        | Received a gift from Trog
  6417 | D        | Noticed a yaktaur captain
  6424 | D        | Killed a great orb of eyes
  6439 | D        | Killed a shadow dragon
  6448 | D        | Killed an entropy weaver
  6448 | D        | Received a gift from Trog
  6454 | D        | Killed a yaktaur captain
  6460 | D        | Killed an ogre mage
  6632 | D        | Got a slimy broad axe {god gift}
  6651 | D        | Got a crude mace {god gift}
  6662 | D        | Identified the +4 broad axe of Myjiyr {freeze, rC+ rN+ Str-4 Dex+4} (Trog gifted it to you in the Dungeon)
  6663 | D        | Identified the +4 mace of Xoil Yne {elec, *Noise rF++ Str+5} (Trog gifted it to you in the Dungeon)
  6687 | D        | Noticed a shadow dragon
  6687 | D        | Noticed a golden dragon
  6687 | D        | Noticed a frost giant
  6687 | D        | Noticed an orc knight
  6687 | D        | Noticed a shadow dragon
  6687 | D        | Noticed an ironheart preserver
  6690 | D        | Noticed a golden dragon
  6696 | D        | Killed an ironheart preserver
  6707 | D        | Killed a shadow dragon
  6707 | D        | Received a gift from Trog
  6708 | D        | Noticed a shadow dragon
  6710 | D        | Noticed a quicksilver dragon
  6713 | D        | Killed a frost giant
  6721 | D        | Killed a golden dragon
  6733 | D        | Killed a golden dragon
  6733 | D        | Reached XP level 17. HP: 153/191 MP: 17/17
  6748 | D        | Killed a shadow dragon
  6770 | D        | Killed a shadow dragon
  6778 | D        | Killed a quicksilver dragon
  6778 | D        | Received a gift from Trog
  6782 | D        | Killed an orc knight
  6801 | D        | Got a silver rune of Zot
  7048 | D        | Got the amulet of Activism {Ward rN+ Str+2}
  7050 | D        | Got the ring "Malaotuwk" {rN+ MR+}
  7052 | D        | Got the ring "Lut Naff" {Ice rPois rN+ MR- MP+9}
  7054 | D        | Got the ring "Okhapiss" {rElec rF+ SInv}
  7056 | D        | Got the ring "Rieqekel" {rF+ MR+ Str+4 SInv}
  7071 | D        | Got the +5 double sword of Outrage {pain, rF- rN+++ Str+3}
  7189 | D        | Noticed Margery
  7189 | D        | Noticed a necromancer
  7189 | D        | Noticed a hell knight
  7207 | D        | Killed a hell knight
  7209 | D        | Killed a necromancer
  7209 | D        | Killed Margery
  7210 | D        | Noticed Jory
  7211 | D        | Noticed a hell knight
  7224 | D        | Killed Jory
  7227 | D        | Noticed Boris
  7231 | D        | Killed a hell knight
  7232 | D        | Noticed a hell knight
  7241 | D        | Killed Boris
  7241 | D        | Received a gift from Trog
  7248 | D        | Killed a hell knight
  7269 | D        | Got a transparent morningstar {god gift}
  7270 | D        | Identified the +3 morningstar "Uxuosedo" {crush, Str+3} (Trog gifted it to you in the Dungeon)
  7344 | D        | Noticed Frederick
  7345 | D        | Noticed Mara
  7347 | D        | Noticed Origami's illusion
  7347 | D        | Noticed Xtahua
  7347 | D        | Noticed Norris
  7368 | D        | Killed Frederick
  7403 | D        | Killed Xtahua
  7411 | D        | Killed Mara
  7411 | D        | Reached skill level 15 in Dodging
  7415 | D        | Killed Norris
  7415 | D        | Reached skill level 27 in Shields
  7619 | D        | Noticed Mennas
  7620 | D        | Noticed Nikola
  7655 | D        | Noticed Louise
  7659 | D        | Killed Mennas
  7659 | D        | Received a gift from Trog
  7672 | D        | Killed Louise
  7680 | D        | Killed Nikola
  7877 | D        | Noticed a yaktaur
  7877 | D        | Noticed an orc knight
  7877 | D        | Noticed a centaur warrior
  7877 | D        | Noticed a griffon
  7877 | D        | Noticed a deep elf mage
  7878 | D        | Noticed a troll
  7882 | D        | Killed a griffon
  7882 | D        | Received a gift from Trog
  7884 | D        | Killed a deep elf mage
  7891 | D        | Killed a centaur warrior
  7901 | D        | Killed an orc knight
  7904 | D        | Killed a yaktaur
  7904 | D        | Reached XP level 18. HP: 200/200 MP: 18/18
  7910 | D        | Killed a troll
  7916 | D        | Noticed a fire dragon
  7916 | D        | Noticed a mottled dragon
  7916 | D        | Noticed an ice dragon
  7916 | D        | Noticed an ice dragon
  7916 | D        | Noticed a storm dragon
  7916 | D        | Noticed an ice dragon
  7917 | D        | Noticed an ice dragon
  7919 | D        | Noticed a green draconian
  7925 | D        | Killed a storm dragon
  7926 | D        | Noticed a mottled draconian
  7930 | D        | Killed an ice dragon
  7930 | D        | Received a gift from Trog
  7931 | D        | Noticed a mottled draconian
  7937 | D        | Killed an ice dragon
  7941 | D        | Killed an ice dragon
  7942 | D        | Noticed a red draconian
  7946 | D        | Killed a fire dragon
  7949 | D        | Noticed a mottled draconian
  7953 | D        | Killed an ice dragon
  7960 | D        | Killed a green draconian
  7963 | D        | Killed a mottled draconian
  7968 | D        | Killed a mottled draconian
  7968 | D        | Received a gift from Trog
  7975 | D        | Killed a red draconian
  7983 | D        | Killed a mottled draconian
  7985 | D        | Killed a mottled dragon
  7996 | D        | Got a crystal flail {god gift}
  7997 | D        | Identified the +2 flail "Tysunle" {crush, +Blink rElec rPois Str+4 Dex-4} (Trog gifted it to you in the Dungeon)
  8011 | D        | Noticed a moth of wrath
  8011 | D        | Noticed a golden dragon
  8011 | D        | Noticed a white draconian
  8011 | D        | Noticed a shadow dragon
  8011 | D        | Noticed a white draconian monk
  8011 | D        | Noticed a white draconian
  8012 | D        | Noticed a tentacled monstrosity
  8025 | D        | Killed a white draconian monk
  8033 | D        | Killed a white draconian
  8033 | D        | Received a gift from Trog
  8042 | D        | Killed a shadow dragon
  8048 | D        | Killed a white draconian
  8058 | D        | Killed a golden dragon
  8060 | D        | Killed a tentacled monstrosity
  8060 | D        | Killed a moth of wrath
  8493 | D        | Noticed a white draconian
  8493 | D        | Noticed a red draconian shifter
  8493 | D        | Noticed a fire dragon
  8493 | D        | Noticed a tentacled monstrosity
  8493 | D        | Noticed a moth of wrath
  8493 | D        | Noticed a purple draconian shifter
  8502 | D        | Killed a purple draconian shifter
  8502 | D        | Received a gift from Trog
  8503 | D        | Noticed a moth of wrath
  8508 | D        | Noticed a green draconian knight
  8511 | D        | Killed a red draconian shifter
  8517 | D        | Killed a tentacled monstrosity
  8523 | D        | Killed a moth of wrath
  8532 | D        | Killed a fire dragon
  8532 | D        | Received a gift from Trog
  8540 | D        | Killed a green draconian knight
  8553 | D        | Killed a white draconian
  8557 | D        | Killed a moth of wrath
  8572 | D        | Got a smoking broad axe {god gift}
  8573 | D        | Identified the +2 broad axe of Anger {holy, MR+} (Trog gifted it to you in the Dungeon)
  8604 | D        | Noticed a storm dragon
  8604 | D        | Noticed a black draconian annihilator
  8604 | D        | Noticed a moth of wrath
  8604 | D        | Noticed a green draconian knight
  8604 | D        | Noticed a tentacled monstrosity
  8604 | D        | Noticed a black draconian
  8605 | D        | Noticed a tentacled monstrosity
  8613 | D        | Noticed a shadow dragon
  8616 | D        | Killed a black draconian
  8625 | D        | Killed a tentacled monstrosity
  8625 | D        | Received a gift from Trog
  8628 | D        | Noticed a tentacled monstrosity
  8631 | D        | Killed a tentacled monstrosity
  8635 | D        | Killed a black draconian annihilator
  8644 | D        | Killed a green draconian knight
  8659 | D        | Killed a shadow dragon
  8659 | D        | Received a gift from Trog
  8667 | D        | Killed a tentacled monstrosity
  8673 | D        | Killed a moth of wrath
  8681 | D        | Killed a storm dragon
  8691 | D        | Got a dazzling battleaxe {god gift}
  8697 | D        | Identified the +4 battleaxe "Naagre Tohie" {drain, rF- rN++} (Trog gifted it to you in the Dungeon)
  8717 | D        | Noticed a black draconian
  8717 | D        | Noticed a green draconian knight
  8717 | D        | Noticed a ghost moth
  8717 | D        | Noticed a red draconian
  8717 | D        | Noticed a white draconian
  8717 | D        | Noticed a death cob
  8724 | D        | Noticed a mottled draconian zealot
  8726 | D        | Killed a death cob
  8727 | D        | Noticed a fire dragon
  8730 | D        | Killed a white draconian
  8735 | D        | Killed a red draconian
  8738 | D        | Killed a ghost moth
  8738 | D        | Received a gift from Trog
  8742 | D        | Noticed a yellow draconian caller
  8750 | D        | Killed a green draconian knight
  8760 | D        | Killed a black draconian
  8771 | D        | Killed a mottled draconian zealot
  8773 | D        | Killed a fire dragon
  8773 | D        | Received a gift from Trog
  8786 | D        | Killed a yellow draconian caller
  8795 | D        | Got an encrusted hand axe {god gift}
  8796 | D        | Identified the +7 hand axe "Syemm" {drain, *Contam rF+ rN+ Str+2} (Trog gifted it to you in the Dungeon)
  9164 | D        | Noticed an Orb Guardian
  9164 | D        | Noticed an Orb Guardian
  9164 | D        | Noticed an Orb Guardian
  9164 | D        | Noticed an Orb Guardian
  9164 | D        | Noticed an Orb Guardian
  9164 | D        | Noticed an Orb Guardian
  9173 | D        | Killed an Orb Guardian
  9174 | D        | Noticed an Orb Guardian
  9182 | D        | Killed an Orb Guardian
  9186 | D        | Killed an Orb Guardian
  9186 | D        | Reached XP level 19. HP: 207/207 MP: 19/19
  9191 | D        | Killed an Orb Guardian
  9191 | D        | Received a gift from Trog
  9194 | D        | Killed an Orb Guardian
  9203 | D        | Killed an Orb Guardian
  9208 | D        | Killed an Orb Guardian
  9243 | D        | Noticed an Orb Guardian
  9244 | D        | Noticed an Orb Guardian
  9252 | D        | Killed an Orb Guardian
  9262 | D        | Killed an Orb Guardian
  9262 | D        | Received a gift from Trog
  9265 | D        | Noticed an Orb Guardian
  9276 | D        | Killed an Orb Guardian
  9283 | D        | Noticed a moth of wrath
  9283 | D        | Noticed a green draconian caller
  9283 | D        | Noticed an Orb Guardian
  9283 | D        | Noticed an Orb Guardian
  9283 | D        | Noticed a fire dragon
  9283 | D        | Noticed a black draconian annihilator
  9284 | D        | Noticed an Orb Guardian
  9291 | D        | Killed a black draconian annihilator
  9300 | D        | Killed a fire dragon
  9306 | D        | Noticed an Orb Guardian
  9307 | D        | Killed an Orb Guardian
  9314 | D        | Killed an Orb Guardian
  9325 | D        | Killed a green draconian caller
  9331 | D        | Killed an Orb Guardian
  9334 | D        | Killed an Orb Guardian
  9339 | D        | Killed a moth of wrath
  9339 | D        | Received a gift from Trog
  9358 | D        | Noticed an ancient lich
  9366 | D        | Killed an ancient lich
  9366 | D        | Reached skill level 27 in Dodging
  9369 | D        | Noticed an orb of fire
  9386 | D        | Gained mutation: You tend to lose your temper in combat. [an orb of fire]
  9389 | D        | Killed an orb of fire
  9389 | D        | Reached skill level 27 in Armour
  9423 | D        | Noticed an electric golem
  9432 | D        | Killed an electric golem
  9435 | D        | Noticed a golden dragon
  9435 | D        | Noticed a shadow dragon
  9435 | D        | Noticed a fire dragon
  9435 | D        | Noticed a mottled draconian annihilator
  9435 | D        | Noticed an electric golem
  9435 | D        | Noticed an Orb Guardian
  9443 | D        | Noticed a storm dragon
  9443 | D        | Killed a mottled draconian annihilator
  9444 | D        | Killed an Orb Guardian
  9445 | D        | Noticed an orb of fire
  9450 | D        | Noticed an orb of fire
  9450 | D        | Killed an electric golem
  9459 | D        | Killed a fire dragon
  9459 | D        | Received a gift from Trog
  9460 | D        | Noticed a purple draconian shifter
  9469 | D        | Noticed a Killer Klown
  9475 | D        | Gained mutation: Armour fits poorly on your strangely shaped body. [an orb of fire]
  9478 | D        | HP: 7/207 [orb of fire/fireball (13)]
  9478 | D        | Gained mutation: You occasionally shout uncontrollably at your foes. [an orb of fire]
  9491 | D        | Gained mutation: Scrolls take you a little longer to read. [an orb of fire]
  9494 | D        | HP: 9/207 [orb of fire/bolt of fire (7)]
  9504 | D        | HP: 3/207 [orb of fire/bolt of fire (10)]
  9507 | D        | Killed from afar by an orb of fire

Action                   |  1- 3 |  4- 6 |  7- 9 | 10-12 | 13-15 | 16-18 | 19-21 || total
-------------------------+-------+-------+-------+-------+-------+-------+-------++-------
Melee: Flail             |    40 |     7 |       |       |       |       |       ||    47
       Morningstar       |       |    13 |    95 |    36 |     9 |       |       ||   153
       Broad axe         |       |       |     2 |    19 |       |    28 |     1 ||    50
       Dire flail        |       |       |       |   188 |       |       |       ||   188
       Eveningstar       |       |       |       |   122 |   209 |       |       ||   331
       War axe           |       |       |       |       |   286 |   772 |   167 ||  1225
       Whip              |       |       |       |       |    36 |       |       ||    36
Invok: Berserk           |       |       |     1 |     6 |    10 |     9 |     1 ||    27
       Trog's Hand       |       |       |     1 |     6 |    18 |    14 |     4 ||    43
       Brothers in Arms  |       |       |       |       |     3 |     2 |     3 ||     8
       Burn Spellbooks   |       |       |       |       |       |     1 |       ||     1
  Use: Scroll            |       |       |       |     5 |     4 |     2 |     4 ||    15
       Potion            |       |       |       |       |     7 |     3 |     4 ||    14
 Stab: Confused          |       |       |       |       |       |     1 |       ||     1
  Eat: Chunk             |       |       |     3 |     5 |       |     2 |       ||    10
       Bread ration      |       |       |       |     2 |     4 |     1 |       ||     7
       Fruit             |       |       |       |     4 |       |     1 |       ||     5
       Meat ration       |       |       |       |       |     2 |     2 |     1 ||     5
